 Dungeon Crawl Stone Soup version 0.31-a0-200-gbc41564c69 (webtiles) character file.

Game seed: 4370173228941631372

198 qw the Skirmisher (level 5, 0/29 HPs)
             Began as a Deep Elf Hunter on June 25, 2023.
             Slain by an orc priest
             ... wielding a +0 short sword
              (4 damage)
             ... on level 3 of the Dungeon.
             The game lasted 00:01:02 (2561 turns).

qw the Skirmisher (Deep Elf Hunter)                 Turns: 2561, Time: 00:01:02

Health: 0/29       AC:  3    Str: 10    XL:     5   Next: 47%
Magic:  7/7        EV: 12    Int: 14    God:
Gold:   56         SH:  0    Dex: 18    Spells: 4/4 levels left

rFire   . . .        Y - +0 shortbow
rCold   . . .        (shield currently unavailable)
rNeg    . . .        c - +0 leather armour
rPois   +            (no helmet)
rElec   .            (no cloak)
rCorr   .            (no gloves)
SInv    .            (no boots)
Will    .....        (no amulet)
Stlth   ++           b - ring of poison resistance
HPRegen 0.24/turn    (no ring)
MPRegen 0.10/turn

%: no passive effects
@: about to teleport
A: no striking features
a: no special abilities


You were on level 3 of the Dungeon.
You visited 1 branch of the dungeon, and saw 3 of its levels.

You collected 98 gold pieces.
You spent 42 gold pieces at shops.


   Skills:
 - Level 1.5 Fighting
 - Level 9.0 Ranged Weapons
 + Level 2.5 Dodging
 - Level 1.2 Stealth


You had 4 spell levels left.
You didn't know any spells.
Your spell library was empty.

Inventory:

Hand Weapons
 Y - a +0 shortbow (weapon)
Armour
 c - a +0 leather armour (worn)
Jewellery
 b - a ring of poison resistance (left hand)
Scrolls
 a - a scroll of identify {unknown}
Potions
 d - a potion of berserk rage {unknown}
 e - a potion of resistance {unknown}
 f - a potion of haste {unknown}
 g - a potion of brilliance {unknown}
 h - a potion of curing
 j - a potion of might {unknown}

Dungeon Overview and Level Annotations

Branches:
Dungeon (3/15)

Altars:
Elyvilon

Shops:
D:2 *=


Message History

You shoot an arrow. The arrow hits the orc priest.
The orc priest is moderately wounded.
You shoot an arrow. The orc shouts!
The arrow hits the orc priest but does no damage.
The orc priest is moderately wounded.
You shoot an arrow.
The arrow closely misses the orc priest.
You shoot an arrow.
The arrow hits the orc priest but does no damage.
The orc priest is moderately wounded.
You shoot an arrow. The arrow hits the orc priest!
The orc priest is almost dead.
The orc priest closely misses you.
The orc priest calls down the wrath of Beogh upon you.
You struggle to resist.
You shoot an arrow.
The arrow closely misses the orc priest.
The orc priest hits you with a +0 short sword.
You shoot an arrow.
The arrow closely misses the orc priest.
The arrow hits the orc!
The orc is almost dead.
The orc priest mumbles some strange prayers to Beogh against you.
Beogh smites you!
2559 ||| READING scroll of teleportation.
As you read the scroll of teleportation, it crumbles to dust.
You feel strangely unstable.
The orc priest mumbles some strange prayers to Beogh against you.
Pain shoots through your body!
You shoot an arrow.
The arrow closely misses the orc priest.
The arrow hits the orc.
You kill the orc!
The orc priest misses you.
You shoot an arrow.
The arrow hits the orc priest but does no damage.
The orc priest is almost dead.
The orc priest hits you with a +0 short sword.
You die...

#.........# .......
#..##...#.##.....)...##
#..........'.........'
##.##...#.##.........#
.#.#...##.# .......
.%%#.####.# .....
##........# .).
####.###### #o# #.#
#@######### #.#
#.......... #.#
##..#######. #.####
##...##
#....######..>..#..
####................
##########..##...# ##.#
#.## #... ...


You could see an orc priest.

Vanquished Creatures
  Natasha (D:2)
  2 orc wizards (D:3)
  5 adders
  2 worms
  A dart slug (D:1)
  6 orcs
  9 ball pythons
  2 bats
  An endoplasm (D:1)
  6 goblins
  7 hobgoblins
  3 jackals (D:3)
  5 kobolds
  3 quokkas
  3 frilled lizards
  9 rats
65 creatures vanquished.

Notes
Turn   | Place    | Note
-------+----------+-------------------------------------------
     0 | D:1      | qw the Deep Elf Hunter began the quest for the Orb.
     0 | D:1      | Reached XP level 1. HP: 12/12 MP: 3/3
     0 | D:1      | 0 ||| qw: Version: 0.3-a-22-g0ed2b0b
     0 | D:1      | 0 ||| qw: Game counter: 5579
     0 | D:1      | 0 ||| qw: Melee chars always use a shield: true
     0 | D:1      | 0 ||| qw: God list: Okawaru
     0 | D:1      | 0 ||| qw: Allow faded altars: false
     0 | D:1      | 0 ||| qw: Do Orc after clearing Dungeon:15 true
     0 | D:1      | 0 ||| qw: Do second Lair branch before Depths: true
     0 | D:1      | 0 ||| qw: Lair rune preference: random
     0 | D:1      | 0 ||| qw: Goals: Normal
     0 | D:1      | 0 ||| PLANNING D:1-11
   104 | D:1      | Reached skill level 6 in Ranged Weapons
   104 | D:1      | Reached XP level 2. HP: 16/16 MP: 4/4
   169 | D:1      | 169 ||| FLEEEEING.
   485 | D:1      | Reached XP level 3. HP: 20/20 MP: 5/5
   682 | D:1      | 682 ||| READING 2 scrolls labelled SOPHAIXY JIED.
   683 | D:1      | 683 ||| READING scroll labelled DYTHUO TICKAQU.
   684 | D:1      | 684 ||| DROPPING scroll of fog.
   685 | D:1      | 685 ||| DROPPING scroll of butterflies.
   879 | D:2      | Reached skill level 7 in Ranged Weapons
   930 | D:2      | Noticed Natasha
   938 | D:2      | Killed Natasha
   939 | D:2      | Reached XP level 4. HP: 19/25 MP: 6/6
  1190 | D:2      | Found Qojoh's Jewellery Shop.
  1194 | D:2      | 1194 ||| SHOPLISTING amulet of Elemental Vulnerability
                  | {rPois rF-- rC-- AC+8} (421 gold, have 72).
  1194 | D:2      | 1194 ||| SHOPLISTING amulet of the acrobat (330 gold, have
                  | 72).
  1194 | D:2      | 1194 ||| SHOPLISTING ring "Qiydwack" {Will- MP+9 AC+4 Int+8
                  | SInv} (865 gold, have 72).
  1194 | D:2      | 1194 ||| SHOPLISTING ring of Citekol {rF+ Will++ Int+4
                  | SInv} (565 gold, have 72).
  1194 | D:2      | 1194 ||| SHOPLISTING ring of fire (275 gold, have 72).
  1194 | D:2      | 1194 ||| SHOPLISTING ring of poison resistance (220 gold,
                  | have 72).
  1194 | D:2      | 1194 ||| SHOPLISTING ring of positive energy (220 gold,
                  | have 72).
  1194 | D:2      | 1194 ||| SHOPLISTING ring of resist corrosion (220 gold,
                  | have 72).
  1247 | D:2      | Found Dosaaf's General Store.
  1254 | D:2      | 1254 ||| BUYING scroll of teleportation (42 gold).
  1254 | D:2      | Bought a scroll of teleportation for 42 gold pieces
  1373 | D:2      | Found a faded altar of an unknown god.
  1374 | D:2      | 1374 ||| UPGRADING to ring of poison resistance.
  1375 | D:2      | 1375 ||| READING 2 scrolls labelled PUATTI JUDAK.
  1376 | D:2      | 1376 ||| READING scroll labelled UFERESELEGG.
  1420 | D:2      | 1420 ||| READING scroll labelled DILUSIZUJUC.
  1421 | D:2      | 1421 ||| DRINKING 2 viscous green potions.
  1422 | D:2      | 1422 ||| DROPPING scroll of poison.
  1746 | D:3      | 1746 ||| Stepping ~*~*~tactically~*~*~ (outnumbered).
  1748 | D:3      | 1748 ||| FLEEEEING.
  1749 | D:3      | 1749 ||| FLEEEEING.
  1750 | D:3      | 1750 ||| FLEEEEING.
  1761 | D:3      | 1761 ||| FLEEEEING.
  1762 | D:3      | 1762 ||| FLEEEEING.
  1763 | D:3      | 1763 ||| FLEEEEING.
  1764 | D:3      | 1764 ||| FLEEEEING.
  1765 | D:3      | 1765 ||| FLEEEEING.
  1774 | D:3      | 1774 ||| FLEEEEING.
  1775 | D:3      | 1775 ||| FLEEEEING.
  1776 | D:3      | 1776 ||| FLEEEEING.
  1777 | D:3      | 1777 ||| FLEEEEING.
  1778 | D:3      | 1778 ||| FLEEEEING.
  1779 | D:3      | 1779 ||| FLEEEEING.
  1789 | D:3      | 1789 ||| STAIRDANCE
  1808 | D:2      | 1808 ||| READING scroll labelled ESYRU YNLANTEEQ.
  1813 | D:3      | 1813 ||| STAIRDANCE
  1847 | D:3      | Reached skill level 8 in Ranged Weapons
  1848 | D:3      | 1848 ||| STAIRDANCE
  1998 | D:3      | Reached XP level 5. HP: 12/29 MP: 7/7
  2003 | D:3      | HP: 6/29 [orc/+0 short sword (3)]
  2004 | D:3      | 2004 ||| READING 2 scrolls of teleportation.
  2006 | D:3      | Found a white marble altar of Elyvilon.
  2502 | D:3      | Reached skill level 9 in Ranged Weapons
  2558 | D:3      | HP: 6/29 [orc priest/divine providence (12)]
  2559 | D:3      | 2559 ||| READING scroll of teleportation.
  2561 | D:3      | Slain by an orc priest

Levels and vault maps discovered:
D:1:      onia_arrival_handbag, layout_loops_ring, nicolae_titane
D:2:      layout_loops_ring, serial_shops, shop, nicolae_shop_back_alley_shop,
          shapermc_ecumenical_altar_mp_vishouse, uniq_natasha
D:3:      layout_loops_corners, elyvilon_altar_1, minmay_shallow_snake_nest

Skill      XL: |  1  2  3  4  5 |
---------------+----------------+-----
Ranged Weapons | 6 7 8 9 |  9.0
Fighting       | |  1.5
Dodging        | |  2.5
Stealth        | |  1.2

Action                     |  1- 3 |  4- 6 || total
---------------------------+-------+-------++-------
   Fire: Shortbow          |   102 |   117 ||   219
    Use: Scroll            |     2 |     6 ||     8
         Potion            |       |     1 ||     1
 Armour: Leather armour    |    14 |    18 ||    32
  Dodge: Dodged            |    15 |    32 ||    47

Table legend:
 A = Non-vault XP
 B = Vault XP
 C = Vault XP percentage of total XP
 D = Non-vault monster count
 E = Vault monster count
 F = Vault count percentage of total count
                 A         B        C        D         E       F
            +---------+---------+-------+---------+---------+-------
      Total |     223 |      60 |  21.2 |      54 |      11 |  16.9
            +---------+---------+-------+---------+---------+-------
        D:1 |      38 |       5 |  11.6 |      22 |       4 |  15.4
        D:2 |      36 |      35 |  49.3 |      11 |       1 |   8.3
        D:3 |     149 |      20 |  11.8 |      21 |       6 |  22.2
            +---------+---------+-------+---------+---------+-------
